 Dungeon Crawl Stone Soup version 0.27-a0-498-g7ecbb0a48f (webtiles) character file.

Game seed: 2923717308681165475

15 CurlyBrace the Magician (level 2, 3/12 HPs)
             Began as a Felid Hedge Wizard on Mar 3, 2021.
             Quit the game on level 5 of the Dungeon.
             The game lasted 00:03:01 (318 turns).

CurlyBrace the Magician (Felid Hedge Wizard)         Turns: 318, Time: 00:03:02

Health: 3/12       AC:  1    Str:  6    XL:     2   Next: 34%
Magic:  4/7        EV: 18    Int: 15    God:
Gold:   19         SH:  0    Dex: 15    Spells: 4/7 levels left
                                        Lives:  0   Deaths: 0

rFire    . . .     SeeInvis +     - Unarmed
rCold    . . .     Faith    .   (shield unavailable)
rNeg     . . .     Spirit   .   (armour unavailable)
rPois    .         Reflect  .   (helmet unavailable)
rElec    .         Harm     .   (cloak unavailable)
rCorr    .         Rampage  .   (gloves unavailable)
Will     .....                  (boots unavailable)
Stlth    +.........             (no amulet)
HPRegen  0.04/turn              (no ring)
MPRegen  0.10/turn              (no ring)

@: confused, quick
A: very small, no armour, no weapons or thrown items, stealth, claws 1, fangs 3,
see invisible, speed 1, shaggy fur 1, sharp paws
a: no special abilities


You were on level 5 of the Dungeon.
You visited 1 branch of the dungeon, and saw 5 of its levels.

You collected 19 gold pieces.

Inventory:

Scrolls
 a - a scroll of magic mapping {unknown}


   Skills:
 + Level 1.0 Fighting
 - Level 3.0 Dodging
 - Level 3.0 Stealth
 + Level 1.0 Unarmed Combat
 - Level 3.0 Spellcasting
 - Level 1.0 Conjurations
 - Level 1.0 Summonings
 - Level 1.5 Translocations


You had 4 spell levels left.
You knew the following spells:

 Your Spells              Type           Power        Failure   Level
a - Magic Dart            Conj           20%          13%         1
b - Blink                 Tloc           N/A          16%         2

Your spell library contained the following spells:

 Spells                   Type           Power        Failure   Level
 Call Imp                 Summ           5%           21%         2
 Slow                     Hex            2%           30%         2
 Conjure Flame            Conj/Fire      3%           43%         3
 Mephitic Cloud           Conj/Pois/Air  3%           47%         3


Dungeon Overview and Level Annotations

Branches:
Dungeon (5/15)
 Temple: D:4-7

Altars:

Annotations:
D:2 Terence


Innate Abilities, Weirdness & Mutations

You cannot wear armour.
You are incapable of wielding weapons or throwing items.
Your paws allow you to move quietly. (Stealth)
You have sharp claws.
You have razor-sharp teeth.
You have supernaturally acute eyesight. (SInv)
You cover ground quickly.
You are covered in fur. (AC +1)
Your sharp claws are effective at attacking unaware monsters.


Message History

There is a stone staircase leading up here.
You climb upwards.
There is a stone staircase leading down here.
You climb downwards.
There is a stone staircase leading up here.
Casting: Blink (safe; 16% risk of failure)
Confirm with . or Enter, or press ? or * to list all spells.
You miscast Blink.
You are very lightly contaminated with residual magic.
Nothing appears to happen.
Casting: Blink (safe; 16% risk of failure)
Confirm with . or Enter, or press ? or * to list all spells.
You blink.
An orc comes into view. It is wielding a +0 club.
The orc shouts!
Found a stone staircase leading down.
Found a stone staircase leading down.
Your magical contamination has completely faded away.
There is a stone staircase leading down here.
You climb downwards. 2 orc wizards come into view.
There is a stone staircase leading up here.
The helpless orc wizard fails to defend itself.
You scratch the orc wizard.
The orc wizard is moderately wounded.
The orc wizard gestures at you while chanting.
You are confused.
You hear a shout!
Unknown command.
You aren't carrying any potions.
You are too confused!
Unknown command.
You bump into the rock wall.
The orc wizard gestures at you while chanting.
The magic dart hits you.
* * * LOW HITPOINT WARNING * * *
Unknown command.
You bump into the rock wall.
The orc wizard barely misses you.
Unknown command.
Are you sure you want to abandon this character and quit the game? (Confirm with "yes".)

#############
+...<@.......
####o#######.
#... #.o##
#..# #..#
#..# #..#


You could see 2 orc wizards.

Vanquished Creatures
  A giant cockroach (D:2)
  A goblin (D:1)
  A hobgoblin (D:1)
  A quokka (D:2)
  3 bats
  5 kobolds
  4 rats
16 creatures vanquished.

Notes
Turn   | Place    | Note
-------+----------+-------------------------------------------
     0 | D:1      | CurlyBrace the Felid Hedge Wizard began the quest for the
                  | Orb.
     0 | D:1      | Reached XP level 1. HP: 7/7 MP: 5/5
    40 | D:1      | Reached skill level 1 in Conjurations
   141 | D:1      | You fall into a shaft and drop 1 floor!
   143 | D:2      | Reached XP level 2. HP: 12/12 MP: 1/7
   148 | D:2      | Learned a level 2 spell: Blink
   181 | D:2      | Noticed Terence
   242 | D:2      | Reached skill level 1 in Fighting
   242 | D:2      | Reached skill level 1 in Unarmed Combat
   313 | D:5      | Entered Level 5 of the Dungeon
   318 | D:5      | Quit the game

Illustrated notes

Levels and vault maps discovered:
D:1:      ncdulo_lavacross, layout_loops_ring
D:2:      layout_basic, tgw_kikubaaqudgha, uniq_terence
D:3:      layout_loops_ring
D:4:      layout_layer_cave, lemuel_round_altar, minmay_temple_entry_waves,
          hangedman_decor_diamond_cutter, bh_walls_and_bars,
          uniq_crazy_yiuf_cottage
D:5:      layout_basic, nicolae_overflow_crystal_walls

Skill      XL: |  1  2 |
---------------+-------+-----
Conjurations   | 1 |  1.0
Dodging        | 3 |  3.0
Stealth        | 3 |  3.0
Fighting       | 1 |  1.0
Unarmed Combat | 1 |  1.0
Spellcasting   | |  3.0
Summonings     | |  1.0
Translocations | |  1.5

Action                   || total
-------------------------++-------
Melee: Unarmed           ||    38
       Bite              ||     2
 Cast: Magic Dart        ||     8
       Blink             ||     3
  Use: Scroll            ||     1
 Stab: Sleeping          ||    12
Armor: Skin              ||     4
Dodge: Dodged            ||    39

Table legend: (Time is in decaauts)
 A = Elapsed time spent in this place.
 B = Non-inter-level travel time spent in this place.
 C = Inter-level travel time spent in this place.
 D = Time resting spent in this place.
 E = Time spent auto-exploring this place.
 F = Levels seen in this place.
 G = Mean time per level.
                   A        B        C        D        E       F      G
               +--------+--------+--------+--------+--------+-----+--------+
         Total |    271 |    271 |      0 |      0 |      0 |   5 |   54.2 |
       Dungeon |    271 |    271 |      0 |      0 |      0 |   5 |   54.2 |
               +--------+--------+--------+--------+--------+-----+--------+

Top non-repeatable levels by time:
     D:1: 117 daAuts
     D:2: 101 daAuts
     D:3: 34 daAuts
     D:4: 13 daAuts
     D:5: 4 daAuts
